 Dungeon Crawl Stone Soup version 0.27.1-34-g3ba077fa99 (webtiles) character file.

Game seed: 9011757971638888698

226 Malroth the Stinger (level 6, -1/41 HPs)
             Began as a Merfolk Venom Mage on Jan 26, 2022.
             Killed from afar by an orc wizard (5 damage)
             ... with a magic dart
             ... on level 4 of the Dungeon.
             The game lasted 00:43:30 (4800 turns).

Malroth the Stinger (Merfolk Venom Mage)            Turns: 4800, Time: 00:43:30

Health: -1/41      AC:  3    Str:  8    XL:     6   Next: 1%
Magic:  2/10       EV: 13    Int: 16    God:
Gold:   58         SH:  0    Dex: 21    Spells: 4/10 levels left

rFire    . . .     SeeInvis .   n - +0 hand axe (vorpal)
rCold    . . .     Faith    .   (no shield)
rNeg     . . .     Spirit   .   a - +0 robe
rPois    .         Reflect  .   (no helmet)
rElec    .         Harm     .   b - +0 cloak
rCorr    .         Rampage  .   (no gloves)
Will     .....                  (no boots)
Stlth    ++........             (no amulet)
HPRegen  0.13/turn              c - +6 ring of dexterity
MPRegen  0.12/turn              (no ring)

@: very slightly contaminated
A: (nimble swimmer 2), mertail
a: no special abilities


You were on level 4 of the Dungeon.
You visited 2 branches of the dungeon, and saw 5 of its levels.

You collected 142 gold pieces.
You spent 84 gold pieces at shops.

Inventory:

Hand Weapons
 n - a +0 vorpal hand axe (weapon)
Armour
 a - a +0 robe (worn)
 b - a +0 cloak (worn)
Jewellery
 c - a +6 ring of dexterity (left hand)
 i - an amulet of guardian spirit
Scrolls
 d - a scroll of fear {unknown}
 e - a scroll of silence {unknown}
 f - 2 scrolls of teleportation
 j - a scroll of fog {unknown}
 l - a scroll of holy word {unknown}
 m - a scroll of identify {unknown}
Potions
 g - a potion of flight {unknown}
 h - a potion of magic {unknown}
 k - a potion of curing
 o - a potion of haste {unknown}


   Skills:
 - Level 2.6 Dodging
 - Level 2.1 Stealth
 + Level 2.8 Spellcasting
 * Level 0.6 Conjurations
 - Level 4.0 Transmutations
 - Level 2.0 Air Magic
 * Level 4.7 Poison Magic


You had 4 spell levels left.
You knew the following spells:

 Your Spells              Type           Power      Damage    Failure   Level
a - Sting                 Tmut/Pois      64%        1d6       3%          1
b - Poisonous Vapours     Pois/Air       26%        N/A       7%          2
c - Mephitic Cloud        Conj/Pois/Air  10%        N/A       21%         3

Your spell library contained the following spells:

 Spells                   Type           Power      Damage    Failure   Level
 Olgreb's Toxic Radiance  Pois           17%        N/A       26%         4
 Blink                    Tloc           N/A        N/A       28%         2
 Manifold Assault         Tloc           2%         N/A       99%         5
 Storm Form               Tmut/Air       5%         N/A       100%        7


Dungeon Overview and Level Annotations

Branches:
Dungeon (4/15)             Temple (1/1) D:4

Altars:
Cheibriados
Gozag
Hepliaklqana
Kikubaaqudgha
Nemelex Xobeh
Okawaru
Ru
Sif Muna
Trog
Vehumet
Wu Jian
Xom
Yredelemnul
Zin
The Shining One

Shops:
D:3 *


Innate Abilities, Weirdness & Mutations

((You are quick and stealthy near water. (Stealth+, EV+, Speed+++)))
Your lower body shifts to a powerful aquatic tail in water.


Message History

Aiming: Sting (safe; 3% risk of failure)
Press: ? - help, Shift-Dir - straight line, f/p - orc
Aim: an orc, wielding a +0 morningstar (74% to hit)
The sting hits the orc wizard but does no damage.
The orc wizard looks as sick as possible!
The orc wizard is almost dead.
You kill the orc wizard!
You have reached level 6!
Your experience leads to an increase in your attributes!
Your base attributes are Str 8, Int 15, Dex 15.
Increase (S)trength, (I)ntelligence, or (D)exterity?
You feel clever.
Casting: Sting (safe; 3% risk of failure)
Confirm with . or Enter, or press ? or * to list all spells.
Aiming: Sting (safe; 3% risk of failure)
Press: ? - help, Shift-Dir - straight line, f - orc wizard, p - orc
Aim: an orc wizard, wielding a staff of poison and wearing a +0 robe (67% to hit)
The sting hits the orc.
The orc is poisoned.
The orc is heavily wounded.
Casting: Sting (safe; 3% risk of failure)
Confirm with . or Enter, or press ? or * to list all spells.
Aiming: Sting (safe; 3% risk of failure)
Press: ? - help, Shift-Dir - straight line, f/p - orc wizard
Aim: an orc wizard, wielding a staff of poison and wearing a +0 robe (67% to hit)
You miscast Sting.
You are very lightly contaminated with residual magic.
Nothing appears to happen.
The orc hits you with a +0 morningstar.
* * * LOW HITPOINT WARNING * * *
The orc wizard hits you with a staff of poison.
* * * LOW HITPOINT WARNING * * *
The orc wizard envenoms you.
* * * LOW HITPOINT WARNING * * *
You are poisoned.
You feel sick.
You feel sick.
You are no longer poisoned.
You kill the orc!
The orc wizard points at you and mumbles some strange words.
The magic dart hits you.
You die...

...).... ... ##.##
.....#.# #.## ..(
#..)##.# ..P# #.#
#.>.##.####.####
#w#
).......P#...#.##
#.#
#.#####(...>....##
#.# #.#
###.#...#P..# #.#
...
...##.####.####)#
...#
###.#P.....@..o..#
...#
#......##.######
#.## ###.#####.#
#># #.......#
#########


You could see an orc wizard.

Vanquished Creatures
  Terence (D:2)
  Natasha (D:2)
  2 orc wizards
  Robin (D:2)
  3 adders
  A worm (D:3)
  2 dart slugs
  6 orcs
  4 bats
  8 endoplasms
  11 hobgoblins
  5 jackals (D:1)
  6 kobolds
  2 quokkas (D:1)
  3 ball pythons
  2 frilled lizards
  10 goblins
  5 rats
73 creatures vanquished.

Vanquished Creatures (others)
  4 plants (D:4)
4 creatures vanquished.

Grand Total: 77 creatures vanquished

Notes
Turn   | Place    | Note
-------+----------+-------------------------------------------
     0 | D:1      | Malroth the Merfolk Venom Mage began the quest for the Orb.
     0 | D:1      | Reached XP level 1. HP: 13/13 MP: 3/3
   142 | D:1      | Found a faded altar of an unknown god.
   233 | D:1      | Reached XP level 2. HP: 19/19 MP: 3/5
   318 | D:1      | Learned a level 2 spell: Poisonous Vapours
  1410 | D:1      | Reached XP level 3. HP: 24/24 MP: 3/6
  2148 | D:2      | Noticed Terence
  2164 | D:2      | Killed Terence
  2165 | D:2      | Reached XP level 4. HP: 30/30 MP: 0/7
  2297 | D:2      | Noticed Natasha
  2303 | D:2      | Killed Natasha
  2304 | D:2      | Reached skill level 1 in Air Magic
  3036 | D:2      | Noticed Robin
  3061 | D:2      | Killed Robin
  3062 | D:2      | Reached XP level 5. HP: 35/35 MP: 0/8
  3514 | D:3      | Found Fituishoitt's General Store.
  3522 | D:3      | Bought a potion of curing for 42 gold pieces
  3522 | D:3      | Bought a scroll of teleportation for 42 gold pieces
  4019 | D:3      | Noticed a phantom
  4362 | D:3      | Learned a level 3 spell: Mephitic Cloud
  4590 | D:4      | Found a staircase to the Ecumenical Temple.
  4600 | Temple   | Entered the Ecumenical Temple
  4795 | D:4      | Reached XP level 6. HP: 14/41 MP: 4/10
  4800 | D:4      | Killed from afar by an orc wizard

Illustrated notes

Levels and vault maps discovered:
D:1:      eino_arrival_water_star, layout_basic,
          hellmonk_ecumenical_altar_inner_sanctum, serial_co_window_serial,
          co_window_paths_a, co_window_cross_1, co_window_paths_a,
          co_window_paths_a, co_window_paths_a, co_window_paths_a,
          co_window_cross_1, co_window_paths_c, co_window_paths_c,
          co_window_corner_cb, co_window_corner_b, co_window_4corner_a,
          co_window_4corner_b, glass_columns_b, minmay_misc_feat_room,
          st_stairs_12
D:2:      layout_basic, uniq_natasha, uniq_terence, uniq_robin
D:3:      layout_loops_ring, serial_shops, shop, minmay_surrounded
D:4:      layout_loops_cross, mainiacjoe_overflow_brackets,
          mainiacjoe_overflow_six_doors_small,
          minmay_temple_entry_gardened_gates, minmay_goblin_kobold_house
Temple:   regret_index_temple_waves

Skill      XL: |  1  2  3  4  5 |
---------------+----------------+-----
Transmutations | 2 3 4 |  4.0
Poison Magic   | 4 |  4.7
Air Magic      | 1 2 |  2.0
Dodging        | |  2.6
Stealth        | |  2.1
Spellcasting   | |  2.8
Conjurations   | |  0.6

Action                   |  1- 3 |  4- 6 || total
-------------------------+-------+-------++-------
Melee: Unarmed           |    18 |     8 ||    26
       Hand axe          |       |     1 ||     1
 Cast: Sting             |    51 |    72 ||   123
       Poisonous Vapours |     7 |    30 ||    37
Armor: Robe              |    15 |     7 ||    22
Dodge: Dodged            |    52 |    29 ||    81
